 Dungeon Crawl Stone Soup version 0.17.1-2-g5865329 (webtiles) character file.

352 PossumBlood the Archer (level 6, -17/39 HPs)
             Began as a High Elf Hunter on Jan 23, 2016.
             Demolished by an ogre
             ... wielding a +0 giant club
              (28 damage)
             ... on level 4 of the Dungeon.
             The game lasted 00:10:20 (3088 turns).

PossumBlood the Archer (High Elf Hunter)            Turns: 3088, Time: 00:10:20

Health: -17/39     AC:  5    Str: 11    XL:     6   Next: 35%
Magic:  7/7        EV: 12    Int: 15    God:
Gold:   154        SH:  0    Dex: 18    Spells: 0 memorised, 5 levels left

rFire  . . .     SeeInvis .     b - +0 short sword
rCold  . . .     Clarity  .     c - +0 leather armour
rNeg   . . .     SustAt   +     (no shield)
rPois  .         Gourm    .     q - +0 helmet
rElec  .         Spirit   .     n - +0 cloak
rCorr  .         Warding  .     (no gloves)
rMut   .         Stasis   .     (no boots)
MR     .....                    (no amulet)
Stlth  ++........               (no ring)
                                m - ring of sustain attributes

@: not resistant to hostile enchantments, unstealthy
A: no striking features
a: no special abilities


You were on level 4 of the Dungeon.
You were not hungry.

You visited 1 branch of the dungeon, and saw 4 of its levels.

You collected 154 gold pieces.

Inventory:

Hand Weapons
 a - a +1 shortbow
 b - a +0 short sword (weapon)
Armour
 c - a +0 leather armour (worn)
 n - a +0 cloak (worn)
 q - a +0 helmet (worn)
Jewellery
 j - an uncursed ring of ice
 m - a ring of sustain attributes (left hand)
Scrolls
 f - 2 scrolls of identify
 g - a scroll of fog
 h - a scroll of amnesia
 i - a scroll of teleportation
Potions
 k - a potion of haste
 l - 2 potions of brilliance
 o - a potion of invisibility {unknown}
Books
 r - a book of Transfigurations

   Spells                             Type                      Level
   a - Stoneskin                      Transmutation/Earth          2
   b - Irradiate                      Conjuration/Transmutation    5
   c - Statue Form                    Transmutation/Earth          6
   d - Hydra Form                     Transmutation                6
   e - Dragon Form                    Transmutation                7
Comestibles
 e - 8 bread rations
 p - a meat ration


   Skills:
 - Level 2.0 Fighting
 + Level 10.0 Bows
 - Level 2.1 Dodging
 - Level 1.1 Stealth


You had 5 spell levels left.
You didn't know any spells.

Dungeon Overview and Level Annotations

Branches:
Dungeon (4/15)
 Temple: D:4-7

Altars:
Kikubaaqudgha
Sif Muna
Trog


Message History

The ogre hits you with a giant club!!
Ouch! That really hurt!
* * * LOW HITPOINT WARNING * * *
You are too injured to fight recklessly!
You are too injured to fight recklessly!
You are too injured to fight recklessly!
You are too injured to fight recklessly!
You are too injured to fight recklessly!
You are too injured to fight recklessly!
You are too injured to fight recklessly!
You are too injured to fight recklessly!
You are too injured to fight recklessly!
You barely miss the ogre.
The ogre is almost dead.
A quokka comes into view.
You completely miss the ogre.
The ogre is almost dead.
The ogre hits you with a giant club!!
Ouch! That really hurt!
You die...

##...# #.# # ##.(.##..# #.#
#.##....(##.# #.#
#.#.....(.#r# #.#
....._.....# #.. #...(...#
#.. #..(..### #.. #.O.##.#
##. #..##@##..####### #.
#..)............# #.
#######.........# #.
#.........# #. #.........#
#. #.........# #.
############.........# #.
#....................# #.
#.########################.


You could see an ogre and a quokka.

Vanquished Creatures
  2 ogres (D:4)
  A scorpion (D:4)
  2 worker ants (D:4)
  3 adders
  4 worms
  2 giant geckos
  4 bats
  3 giant cockroaches
  8 goblins
  9 hobgoblins
  4 jackals (D:2)
  2 ball pythons
  7 giant newts
  13 kobolds
  8 rats
72 creatures vanquished.

Notes
Turn   | Place    | Note
--------------------------------------------------------------
     0 | D:1      | PossumBlood the High Elf Hunter began the quest for the Orb.
     0 | D:1      | Reached XP level 1. HP: 14/14 MP: 2/2
   103 | D:1      | Reached XP level 2. HP: 19/19 MP: 3/3
   340 | D:1      | Reached skill level 6 in Bows
   729 | D:2      | Reached XP level 3. HP: 24/24 MP: 4/4
   972 | D:2      | Reached skill level 7 in Bows
  1085 | D:2      | Found an ancient bone altar of Kikubaaqudgha.
  1647 | D:3      | Reached XP level 4. HP: 29/29 MP: 5/5
  1956 | D:3      | Found a bloodstained altar of Trog.
  2415 | D:4      | Reached skill level 8 in Bows
  2519 | D:4      | Reached XP level 5. HP: 34/34 MP: 6/6
  2592 | D:4      | Noticed an ogre
  2596 | D:4      | Killed an ogre
  2596 | D:4      | Reached skill level 9 in Bows
  2753 | D:4      | Reached XP level 6. HP: 39/39 MP: 7/7
  2967 | D:4      | Noticed an ogre
  2980 | D:4      | Killed an ogre
  2980 | D:4      | Reached skill level 10 in Bows
  3076 | D:4      | Found a deep blue altar of Sif Muna.
  3088 | D:4      | Demolished by an ogre

Action                   |  1- 3 |  4- 6 || total
-------------------------+-------+-------++-------
Melee: Short sword       |       |    22 ||    22
 Fire: Shortbow          |   119 |    80 ||   199
Throw: Javelin           |       |     8 ||     8
  Use: Scroll            |     7 |     2 ||     9
  Eat: Fruit             |     2 |     2 ||     4
       Beef jerky        |       |     2 ||     2
